Map: Ice and Chrome LE

Players

RyuKey

  • Race: Terran Terran
  • League: Diamond
  • Spawn Location: 7:00

MannY - Winner!

  • Race: Protoss Protoss
  • League: Diamond
  • Spawn Location: 1:00

VOD

Have the link to the VOD?

Description

Time

  • Played on: June 13, 2020, 5:11 a.m.
  • Length: 14:37
Show
View Real Time Build Order
Export as new Build Order

RyuKey Terran 

Build Orders:  

Get SALT Encoding   

  12  0:00  SCV  
  13  0:13  SCV  
  14  0:17  Supply Depot  
  14  0:25  SCV  
  15  0:38  SCV  
  15  0:39  Barracks  
  16  0:50  Refinery, SCV  
  17  1:02  SCV  
  18  1:15  SCV  
  19  1:27  Orbital Command  
  20  1:32  Reaper  
  20  1:41  Command Center  
  20  1:52  Supply Depot  
  20  1:53  SCV  
  21  2:04  Refinery, Marine  
  22  2:09  SCV  
  23  2:21  SCV  
  24  2:24  Barracks Reactor  
  24  2:33  Factory, SCV  
  25  2:44  Bunker  
  25  2:45  SCV  
  26  2:57  Orbital Command  
  26  2:58  SCV  
  26  3:05  Marine  
  26  3:06  Marine  
  26  3:10  SCV  
  29  3:19  Starport  
  31  3:20  Widow Mine  
  31  3:22  SCV  
  31  3:23  SCV, Supply Depot  
  33  3:28  Marine  
  33  3:29  Marine  
  35  3:34  SCV  
  35  3:35  SCV  
  35  3:46  SCV  
  36  3:50  SCV  
  36  3:51  Supply Depot  
  37  3:58  SCV  
  37  4:02  SCV  
  41  4:04  Starport Reactor  
  41  4:05  Factory Tech Lab  
  41  4:06  Marine x2  
  41  4:10  SCV  
  41  4:12  Barracks  
  41  4:14  Barracks, SCV  
  41  4:16  Supply Depot  
  43  4:22  SCV  
  43  4:24  Marine x2  
  45  4:25  Engineering Bay  
  45  4:26  SCV  
  47  4:34  SCV  
  47  4:35  Siege Tank  
  51  4:38  SCV  
  51  4:40  Supply Depot  
  51  4:41  Marine  
  51  4:43  Medivac x2  
  57  4:46  SCV  
  57  4:51  SCV  
  59  4:57  Marine, Missile Turret  
  59  4:58  SCV  
  59  4:59  Marine  
  62  5:00  Missile Turret  
  62  5:02  Barracks Tech Lab x2  
  62  5:03  SCV  
  62  5:05  Supply Depot  
  63  5:11  SCV  
  63  5:13  Terran Infantry Weapons Level 1  
  64  5:15  Marine, SCV  
  64  5:17  Marine  
  72  5:23  SCV  
  72  5:24  Combat Shield, Stimpack  
  72  5:26  Marauder x2  
  72  5:28  SCV  
  73  5:33  Marine  
  73  5:35  SCV  
  75  5:40  SCV  
  76  5:56  Supply Depot  
  76  6:03  Engineering Bay  
  76  6:04  SCV x2, Command Center  
  76  6:05  Marine x2, Marauder x2  
  76  6:06  Armory  
  84  6:16  SCV  
  84  6:17  SCV  
  86  6:19  Siege Tank  
  86  6:21  Refinery  
  86  6:22  Refinery  
  86  6:23  Marine x2  
  91  6:26  Marauder, Supply Depot  
  91  6:28  SCV  
  91  6:32  Supply Depot  
  94  6:33  Supply Depot  
  94  6:48  Medivac, Marine x2, Marauder, SCV x2  
  94  6:51  Terran Infantry Armor Level 1  
  94  6:52  Marine  
  102  7:00  SCV  
  103  7:02  Siege Tank  
  103  7:04  SCV  
  103  7:05  Marine x2  
  109  7:08  Barracks, Supply Depot  
  109  7:09  Barracks  
  109  7:14  SCV  
  109  7:15  Marine x2  
  112  7:16  SCV  
  112  7:21  Orbital Command  
  113  7:23  Marine x2  
  115  7:31  SCV x2  
  115  7:32  Marine  
  115  7:33  Marine  
  115  7:35  Missile Turret  
  119  7:39  Terran Infantry Weapons Level 2  
  119  7:41  Marine  
  119  7:43  SCV  
  121  7:51  Marauder  
  121  7:52  Marine x2  
  121  7:54  Starport  
  121  7:55  Supply Depot  
  125  7:59  Marauder  
  115  8:21  Barracks Reactor  
  115  8:22  Marine x4, Barracks Tech Lab  
  104  8:29  Orbital Command  
  102  8:40  Marine x3  
  102  8:41  Marauder  
  107  8:42  Marine, Command Center  
  107  8:43  Siege Tank  
  107  8:47  Viking  
  113  8:50  Terran Infantry Armor Level 2  
  113  8:54  SCV x2  
  115  8:58  Marine x4  
  115  8:59  Marauder  
  115  9:00  Marine  
  115  9:02  Marine, SCV  
  124  9:16  Marine x4  
  128  9:17  Marine, Siege Tank  
  128  9:18  Medivac  
  128  9:19  Viking  
  128  9:20  Marauder x2  
  140  9:33  Marine  
  140  9:36  Marine x3, Marauder  
  140  9:38  SCV x2, Starport Reactor  
  148  9:53  Marine  
  148  9:54  Marine x2, Marauder, Viking  
  148  9:58  Marauder  
  157  10:09  Marine x2  
  157  10:12  Marauder  
  161  10:16  Marauder  
  163  10:23  Marine x3  
  164  10:28  Starport Reactor  
  164  10:34  Orbital Command  
  164  10:39  Marine x2  
  164  10:46  Marine  
  164  10:47  Marauder, Viking x2  
  100  11:05  Marine x6  
  100  11:06  Medivac, Siege Tank  
  100  11:08  Marine  
  112  11:11  Orbital Command  
  112  11:12  SCV x2  
  112  11:16  Viking  
  116  11:22  Refinery, Marine  
  116  11:23  Marauder  
  116  11:24  Bunker  
  115  11:38  Siege Tank  
  107  11:40  Terran Infantry Weapons Level 3, Terran Infantry Armor Level 3  
  89  12:00  Orbital Command  
  83  12:05  Marine  
  83  12:06  Marine x5, Marauder  
  90  12:11  SCV  
  87  12:23  Marine  
  87  12:24  Marauder  
  87  12:27  Marine x5, Orbital Command  
  93  12:42  Marine  
  94  12:45  Marine x2  
  94  12:49  Marine  
  97  12:53  Concussive Shells  
  97  12:55  Medivac x2  
  97  12:56  Marine x2  
  104  12:58  SCV  
  104  13:07  Marine x2  
  104  13:08  Marauder, SCV x3  
  104  13:10  SCV  
  104  13:12  Marine x2  
  114  13:14  Marine x2  
  114  13:15  Medivac x2  
  120  13:23  SCV  
  120  13:25  Marine x2  
  123  13:29  Marine x2  
  123  13:30  Marine  
  123  13:32  Marauder  
  123  13:33  Barracks  
  123  13:34  Marine  
  128  13:35  Barracks  
  128  13:37  Viking  
  128  13:38  SCV, Viking  
  128  13:39  SCV  
  135  13:42  Marine, SCV  
  135  13:43  Marine  
  135  13:47  Marine, Marauder  
  141  13:50  Marine  
  141  13:51  SCV  
  141  13:52  Marauder, SCV  
  141  13:53  Marine  
  147  14:00  Marine  
  148  14:09  Marauder  
  141  14:18  Marine  
  141  14:19  Marine  
Show
View Real Time Build Order
Export as new Build Order

MannY Protoss - Winner!

Build Orders: 1 Gate Expand, Blink Stalkers, Colossus Rush 

Get SALT Encoding   

  12  0:00  Probe  
  13  0:13  Probe  
  14  0:18  Pylon  
  14  0:26  Probe  
  15  0:36  Probe  
  15  0:41  Gateway  
  16  0:44  Assimilator, Probe  
  17  0:52  Probe  
  18  1:01  Probe  
  18  1:09  Probe  
  20  1:25  Nexus  
  20  1:33  Probe  
  21  1:40  Cybernetics Core  
  21  1:43  Assimilator  
  21  1:54  Pylon  
  21  2:03  Probe  
  21  2:07  Adept  
  22  2:15  Probe  
  22  2:18  Warp Gate  
  24  2:27  Probe, Twilight Council  
  25  2:36  Stalker  
  25  2:39  Probe  
  28  2:51  Probe  
  28  2:58  Probe  
  29  3:02  Robotics Facility  
  29  3:03  Probe  
  31  3:06  Probe  
  31  3:12  Probe  
  32  3:14  Probe  
  32  3:16  Blink  
  34  3:20  Probe  
  34  3:26  Probe  
  36  3:28  Stalker  
  36  3:56  Probe x2  
  36  3:58  Stalker  
  40  4:05  Probe  
  40  4:08  Probe  
  42  4:12  Pylon  
  42  4:13  Pylon  
  42  4:14  Gateway  
  42  4:15  Gateway  
  42  4:16  Probe  
  43  4:17  Observer, Gateway  
  43  4:20  Probe  
  43  4:23  Pylon  
  43  4:24  Probe  
  45  4:30  Stalker  
  48  4:32  Probe  
  48  4:35  Assimilator  
  48  4:37  Assimilator  
  48  4:38  Pylon, Observer  
  50  4:40  Robotics Bay  
  50  4:50  Probe x2  
  52  5:02  Probe  
  52  5:03  Probe  
  54  5:07  Charge  
  54  5:13  Stalker x2, Nexus  
  58  5:20  Probe x2  
  60  5:26  Pylon  
  60  5:29  Stalker  
  60  5:32  Probe x2  
  64  5:35  Stalker  
  64  5:39  Colossus  
  66  5:44  Probe  
  66  5:49  Shield Battery  
  73  5:51  Extended Thermal Lance, Shield Battery  
  73  6:05  Zealot x3  
  79  6:11  Forge  
  79  6:18  Stalker  
  79  6:23  Probe  
  82  6:28  Templar Archives  
  82  6:29  Probe  
  82  6:30  Probe  
  83  6:34  Protoss Ground Weapons Level 1  
  83  6:35  Probe  
  83  6:37  Probe  
  83  6:39  Probe  
  85  6:41  Gateway  
  85  6:42  Gateway  
  85  6:45  Probe  
  87  6:47  Probe, Gateway  
  87  6:48  Probe  
  90  6:59  Sentry  
  90  7:00  Sentry x3  
  98  7:07  Probe, Gateway  
  98  7:18  Probe  
  99  7:23  Gateway  
  99  7:24  Gateway  
  99  7:25  Gateway  
  99  7:28  Assimilator  
  99  7:31  Pylon  
  99  7:35  Shield Battery  
  99  7:41  Zealot, Gateway  
  101  7:45  Assimilator  
  101  7:47  Colossus  
  101  7:48  Pylon x2  
  101  7:49  Probe  
  108  7:51  Probe  
  109  7:58  Pylon  
  109  8:07  Zealot x3  
  109  8:08  Zealot x2  
  101  8:22  Zealot x3  
  95  8:28  Probe x3  
  95  8:33  Zealot x5  
  106  8:40  Probe x3  
  109  8:41  Photon Cannon  
  109  8:45  Photon Cannon  
  109  8:50  Pylon  
  109  8:52  Probe x3  
  112  9:01  Pylon  
  112  9:04  Probe  
  112  9:06  High Templar x7  
  112  9:07  High Templar, Protoss Ground Weapons Level 2  
  112  9:09  Pylon  
  129  9:16  Colossus  
  128  9:18  Probe  
  128  9:22  Pylon  
  135  9:27  Photon Cannon  
  135  9:38  Gateway  
  135  9:40  Gateway  
  135  9:42  Stalker x3  
  141  9:48  Pylon  
  141  9:51  Stalker x2  
  145  9:58  Probe x2  
  147  10:08  Nexus  
  147  10:10  Pylon  
  147  10:11  Observer  
  143  10:23  Zealot x3  
  143  10:24  Zealot  
  143  10:27  Archon x3  
  143  10:28  Archon  
  151  10:31  High Templar x3  
  157  10:37  Archon  
  157  10:41  Observer  
  138  10:50  Zealot x5  
  128  11:02  Colossus  
  130  11:06  Zealot  
  130  11:09  Probe  
  133  11:20  Photon Cannon  
  133  11:22  High Templar x6  
  145  11:30  Protoss Ground Weapons Level 3  
  131  11:53  Stalker x2  
  129  11:57  Archon  
  111  12:09  Stalker x6  
  111  12:10  Probe x2  
  111  12:11  Probe x2  
  111  12:13  Gateway  
  111  12:15  Psionic Storm, Assimilator  
  117  12:20  Gateway  
  117  12:21  Gateway  
  117  12:22  Probe  
  116  12:30  Gateway  
  116  12:33  Stalker x3  
  116  12:34  Stalker x2  
  126  12:46  Gateway  
  126  12:47  Gateway  
  126  12:49  Gateway  
  126  12:57  Gateway  
  127  12:58  Probe  
  127  12:59  Probe  
  127  13:01  Zealot x4  
  127  13:02  Zealot x2  
  127  13:04  High Templar x3  
  146  13:13  Probe, Gateway  
  146  13:14  Probe  
  148  13:20  Gateway  
  148  13:21  High Templar x2  
  148  13:23  Zealot  
  148  13:24  Zealot x6  
  148  13:26  Zealot  
  148  13:27  Zealot  
  170  13:32  Gateway  
  170  13:37  Assimilator  
  170  13:38  Zealot  
  172  13:41  Nexus  
  172  13:47  Pylon  
  172  13:48  Pylon  
  172  13:50  Pylon  
  172  14:01  Pylon  
  130  14:29  Archon  
  130  14:30  Archon  
  125  14:35  Stalker x9  
Tags
 
Add a new tag
Caveats
  • Supply blocks, unpowered buildings, or Contaminate may cause inaccurate times.
  • Supply counts are checked every 10 seconds.